 Dungeon Crawl Stone Soup version 0.29-a0-82-g837932c90e (webtiles) character file.

Game seed: 13145258915617234999

13 testman the Charlatan (level 2, 0/22 HPs)
             Began as a Djinni Wanderer on Feb 4, 2022.
             Slain by a jackal (1 damage)
             ... on level 1 of the Dungeon.
             The game lasted 00:02:15 (505 turns).

testman the Charlatan (Djinni Wanderer)              Turns: 505, Time: 00:02:15

Health: 0/22       AC:  2    Str: 13    XL:     2   Next: 50%
Gold:   57         EV: 11    Int: 11    God:
                   SH:  0    Dex: 12

rFire   + + .      SeeInvis .   a - +0 mace
rCold   x . .      Faith    .   (no shield)
rNeg    . . .      Spirit   .   d - +0 robe
rPois   ∞          Reflect  .   (no helmet)
rElec   .          Harm     .   (no cloak)
rCorr   .          Rampage  .   (no gloves)
Will    .....                   (boots unavailable)
Stlth   ++........              (no amulet)
HPRegen 0.07/turn               (no ring)
MPRegen 0.00/turn               (no ring)

@: flying
A: sickness immunity, fire resistance 2, cold vulnerability 1, float, innate
caster, HP casting, extra vitality 1
a: no special abilities


You were on level 1 of the Dungeon.
You visited 1 branch of the dungeon, and saw 1 of its levels.

You collected 57 gold pieces.

Inventory:

Hand Weapons
 a - a +0 mace (weapon)
Missiles
 c - 3 stones
 h - 5 boomerangs
Armour
 d - a +0 robe (worn)
Wands
 b - a wand of polymorph (3)
Scrolls
 g - a scroll of noise {unknown}
 i - a scroll of identify {unknown}
Potions
 e - a potion of attraction {unknown}
 f - a potion of brilliance {unknown}
 j - a potion of lignification {unknown}


   Skills:
 + Level 1.2 Fighting
 - Level 1.5 Maces & Flails
 - Level 1.1 Dodging
 - Level 1.0 Stealth
 + Level 2.0 Spellcasting
 - Level 3.0 Evocations


You couldn't memorise any spells.
You knew the following spells:

 Your Spells              Type           Power      Damage    Failure   Level
a - Shock                 Conj/Air       20%        1d4       13%         1
b - Swiftness             Air            5%         N/A       36%         3
c - Summon Lightning Spi  Summ/Air       5%         N/A       77%         4

Your spell library contained the following spells:

 Spells                   Type           Power      Damage    Failure   Level


Dungeon Overview and Level Annotations

Branches:
Dungeon (1/15)

Altars:


Innate Abilities, Weirdness & Mutations

You are immune to sickness and miasma.
You are immune to poison.
Your flesh is very heat resistant. (rF++)
You are vulnerable to cold. (rC-)
You float through the air rather than walking.
You learn spells naturally, not from books.
Your magical power is your life essence.
You have superior vitality. (+4 MHP)


Message History

j - a lumpy ruby potion An endoplasm comes into view.
An endoplasm is nearby!
A jackal comes into view.
You see here a fuming dark potion.
A jackal comes into view.
The jackal barks!
The endoplasm quivers.
You hit the endoplasm.
The endoplasm is almost dead.
The endoplasm hits you but does no damage.
You thump the endoplasm!
You kill the endoplasm!
The jackal bites you. x2; The jackal barely misses you.
Your Spellcasting skill increases to level 2!
You closely miss the jackal. The jackal closely misses you. x2
The jackal bites you but does no damage.
The jackal bites you.
You closely miss the jackal. The jackal misses you. The jackal bites you. x3
You completely miss the jackal. The jackal bites you.
The jackal barely misses you.
The jackal bites you but does no damage.
The jackal bites you.
You are too injured to fight recklessly!
You are too injured to fight recklessly!
You are too injured to fight recklessly!
The jackal bites you but does no damage.
You see here a fuming dark potion.
The jackal bites you. x2
* * * LOW HITPOINT WARNING * * *
The jackal bites you.
* * * LOW HITPOINT WARNING * * *
The jackal bites you.
* * * LOW HITPOINT WARNING * * *
You don't have enough health to cast this spell.
You don't have enough health to cast this spell.
You barely miss the jackal.
The jackal bites you but does no damage.
The jackal bites you.
You die...

######### #.......# .
#.......# .. #.......#
...######### #.......#
...........## #@h#.#####
.#...!....####h##.# .#
#...........##..##.# .#
#...........##..##.# .######
#...............##.#
#.#.....
##.............###.###...###
#.............##..........#
...........#...##..........#
##............##)..........#


You could see 2 jackals.

Vanquished Creatures
  3 endoplasms (D:1)
  A giant cockroach (D:1)
  A goblin (D:1)
  A kobold (D:1)
  3 ball pythons (D:1)
  A bat (D:1)
  A frilled lizard (D:1)
  2 rats (D:1)
13 creatures vanquished.

Notes
Turn   | Place    | Note
-------+----------+-------------------------------------------
     0 | D:1      | testman the Djinni Wanderer began the quest for the Orb.
     0 | D:1      | Reached XP level 1. HP: 15/15 MP: 0/0
   398 | D:1      | Reached XP level 2. HP: 22/22 MP: 0/0
   399 | D:1      | Reached skill level 1 in Fighting
   503 | D:1      | HP: 1/22 [jackal (2)]
   505 | D:1      | Slain by a jackal

Illustrated notes

Levels and vault maps discovered:
D:1:      dpeg_arrival_rooms_a, layout_rooms

Skill      XL: |  1  2 |
---------------+-------+-----
Fighting       | 1 |  1.2
Spellcasting   | 2 |  2.0
Maces & Flails | |  1.5
Dodging        | |  1.1
Stealth        | |  1.0
Evocations     | |  3.0

Action                   || total
-------------------------++-------
Melee: Mace              ||    20
 Cast: Shock             ||     8
Armor: Leather armour    ||     2
       Robe              ||     5
Dodge: Dodged            ||    13

Table legend: (Time is in decaauts)
 A = Elapsed time spent in this place.
 B = Non-inter-level travel time spent in this place.
 C = Inter-level travel time spent in this place.
 D = Time resting spent in this place.
 E = Time spent auto-exploring this place.
 F = Levels seen in this place.
 G = Mean time per level.
                   A        B        C        D        E       F      G
               +--------+--------+--------+--------+--------+-----+--------+
         Total |    511 |    511 |      0 |    247 |    105 |   1 |  511.0 |
       Dungeon |    511 |    511 |      0 |    247 |    105 |   1 |  511.0 |
               +--------+--------+--------+--------+--------+-----+--------+

Top non-repeatable levels by time:
     D:1: 511 daAuts
